 Dungeon Crawl Stone Soup version 0.31-a0-472-g43a2ca8e1b (webtiles) character file.

Game seed: 6866043243889313867

109 Ethylacetat the Changeling (level 4, 0/30 HPs)
             Began as an Octopode Shapeshifter on Aug 6, 2023.
             Slain by an orc wizard
             ... wielding a +0 dagger
              (2 damage)
             ... on level 3 of the Dungeon.
             The game lasted 00:01:14 (1630 turns).

Ethylacetat the Changeling (Octopode Shapeshifter)  Turns: 1630, Time: 00:01:15

Health: 0/30       AC:  1    Str: 14    XL:     4   Next: 90%
Magic:  4/4        EV: 13    Int: 10    God:
Gold:   59         SH:  0    Dex: 14    Spells: 3/3 levels left

rFire   . .          .
                       - Unarmed
rCold   . . .        (no shield)
rNeg    . . .        (helmet currently unavailable)
rPois   .            i - amulet of magic regeneration
rElec   .            (no ring)
rCorr   .            (no ring)
SInv    .            (no ring)
Will    .....        (no ring)
Stlth   ++           (no ring)
HPRegen 0.25/turn    (no ring)
MPRegen 0.49/turn    (no ring)
                     (no ring)

%: no passive effects
@: beast-form
A: beast (slay +2), almost no armour, amphibious, 8 rings, camouflage 1,
gelatinous body 1, (nimble swimmer 1), tentacles
a: Begin Untransformation


You were on level 3 of the Dungeon.
You were a hulking beast.
You visited 1 branch of the dungeon, and saw 3 of its levels.

You collected 59 gold pieces.

Inventory:

Jewellery
 i - an amulet of magic regeneration (around mantle)
 j - a +6 ring of intelligence
Talismans
 b - a beast talisman (active)
Scrolls
 d - 6 scrolls of identify {unknown}
 f - a scroll of teleportation {unknown}
Potions
 a - a potion of lignification
 c - 2 potions of brilliance {unknown}
 e - 2 potions of curing {unknown}
 g - 2 potions of invisibility {unknown}
 h - a potion of degeneration {unknown}


   Skills:
 + Level 2.3 Fighting
 - Level 2.0 Dodging
 + Level 3.7 Unarmed Combat
 * Level 4.0 Shapeshifting


You had 3 spell levels left.
You didn't know any spells.
Your spell library contained the following spells:

 Spells                   Type           Power      Damage    Failure   Level
 Summon Small Mammal      Summ           0%         N/A       36%         1
 Call Canine Familiar     Summ           0%         N/A       75%         3
 Summon Guardian Golem    Hex/Summ       0%         N/A       75%         3


Dungeon Overview and Level Annotations

Branches:
Dungeon (3/15)

Altars:
Xom

Shops:
D:1 [


Innate Abilities, Weirdness & Mutations

You are a hulking beast.
Your limbs bulge with bestial killing power. (Slay +2)
You cannot wear most types of armour.
You are amphibious.
You can wear up to eight rings at the same time.
Your skin changes colour to match your surroundings (Stealth+).
Your rubbery body absorbs attacks. (AC +1, EV +1)
((You are camouflaged when in or above water. (Stealth+)))
You have tentacles for arms and can constrict up to eight enemies at once.


Message History

The orc is severely wounded.
You constrict the orc.
You kill the orc!
The rat bites you.
You closely miss the orc wizard. Your grab misses the orc wizard.
You squeeze the orc wizard.
The orc wizard is moderately wounded.
The orc wizard hits you with a +0 dagger.
The rat bites you.
You tentacle-slap the orc wizard but do no damage.
You grab the orc wizard.
The orc wizard is moderately wounded.
You constrict the orc wizard. The rat misses you.
The orc wizard hits you with a +0 dagger.
You are too injured to fight recklessly!
You are too injured to fight recklessly!
You are too injured to fight recklessly!
You are too injured to fight recklessly!
You tentacle-slap the adder. You grab the adder.
The adder is lightly wounded.
You constrict the adder. You constrict the orc wizard.
The adder barely misses you.
The orc wizard hits you with a +0 dagger.
The rat barely misses you.
You tentacle-slap the adder.
The adder is moderately wounded.
You constrict the adder. You constrict the orc wizard. The adder bites you.
* * * LOW HITPOINT WARNING * * *
The rat bites you.
* * * LOW HITPOINT WARNING * * *
The orc wizard hits you with a +0 dagger.
* * * LOW HITPOINT WARNING * * *
The adder closely misses you.
Okay, then.
You tentacle-slap the adder but do no damage.
The adder is moderately wounded.
You constrict the adder. You constrict the orc wizard.
The adder barely misses you.
The orc wizard hits you with a +0 dagger.
You die...

#.# .# o. ##.# #.#..#.
.#. ... ... ...........
##+#..##.### #.#...#...#
........... ...........
.....##...####.##..#.#.#
..................$.....
#...#o...)....##....#
#....rh.........<#
......S..###.........#
.#.#.#...# #....#.##.# #
#.............. #
......####....#..
#.#...## ##...#..#
..<#.... ..... ... #.#
#...# ##.># ##. .. #....


You could see an orc wizard, an adder and a rat.

Vanquished Creatures
  6 adders (D:2)
  A worm (D:2)
  2 dart slugs (D:2)
  4 orcs (D:3)
  4 bats
  An endoplasm (D:2)
  2 giant cockroaches (D:2)
  A goblin (D:2)
  3 hobgoblins
  3 jackals (D:1)
  5 kobolds
  3 quokkas
  4 ball pythons
  5 rats
44 creatures vanquished.

Notes
Turn   | Place    | Note
-------+----------+-------------------------------------------
     0 | D:1      | Ethylacetat the Octopode Shapeshifter began the quest for
                  | the Orb.
     0 | D:1      | Reached XP level 1. HP: 13/13 MP: 1/1
   112 | D:1      | Found Raqouth's Armour Emporium.
   389 | D:1      | Reached XP level 2. HP: 13/18 MP: 2/2
   789 | D:2      | Reached XP level 3. HP: 21/23 MP: 3/3
   978 | D:2      | Reached XP level 4. HP: 21/29 MP: 4/4
  1046 | D:2      | Found a shimmering altar of Xom.
  1077 | D:2      | Identified the +0 robe of the Many Artisans {Str+4 Int+2
                  | Dex+3}
  1616 | D:3      | Reached skill level 4 in Shapeshifting
  1630 | D:3      | Slain by an orc wizard

Illustrated notes

Levels and vault maps discovered:
D:1:      roderic_dead_forest, layout_loops_corners, serial_shops,
          nicolae_shop_behind_doors, minivault_4
D:2:      layout_loops_ring, basic_altar, chequers_serial_rivers_large_a
D:3:      layout_basic, serial_shops, nicolae_shop_tiny_waterfront,
          due_unseen_surprise

Skill      XL: |  1  2  3  4 |
---------------+-------------+-----
Fighting       | 2 |  2.3
Shapeshifting  | 4 |  4.0
Dodging        | |  2.0
Unarmed Combat | |  3.7

Action                     |  1- 3 |  4- 6 || total
---------------------------+-------+-------++-------
  Melee: Unarmed           |    51 |    39 ||    90
         Constrict         |    15 |    11 ||    26
         Punch             |     4 |       ||     4
         Tentacles         |     8 |     7 ||    15
   Stab: Sleeping          |    12 |     4 ||    16
 Armour: Skin              |     3 |     3 ||     6
  Dodge: Dodged            |    30 |    24 ||    54

Table legend: (Time is in decaauts)
 A = Elapsed time spent in this place.
 B = Non-inter-level travel time spent in this place.
 C = Inter-level travel time spent in this place.
 D = Time resting spent in this place.
 E = Time spent auto-exploring this place.
 F = Levels seen in this place.
 G = Mean time per level.
                   A        B        C        D        E       F      G
               +--------+--------+--------+--------+--------+-----+--------+
         Total |   1624 |   1535 |     89 |      0 |   1286 |   3 |  541.3 |
       Dungeon |   1624 |   1535 |     89 |      0 |   1286 |   3 |  541.3 |
               +--------+--------+--------+--------+--------+-----+--------+

Top non-repeatable levels by time:
     D:2: 820 daAuts
     D:1: 781 daAuts
     D:3: 21 daAuts
